 Dungeon Crawl Stone Soup version 0.29.0-13-gc9e81de378 (webtiles) character file.

Game seed: 2008108789814270298

97041 DocSulfur the Basher (level 16, -25/86 HPs)
             Began as a Gargoyle Delver on Sept 10, 2022.
             Was the Champion of Okawaru.
             Annihilated by a radroach (42 damage)
             ... on level 3 of the Spider Nest.
             The game lasted 02:45:06 (38409 turns).

DocSulfur the Basher (Gargoyle Delver)             Turns: 38409, Time: 02:45:06

Health: -25/86     AC: 35    Str: 22    XL:     16   Next: 18%
Magic:  23/23      EV:  8    Int: 13    God:    Okawaru [******]
Gold:   223        SH: 16    Dex: 15    Spells: 25/25 levels left

rFire   . . .      SeeInvis .   H - +2 morningstar (protect)
rCold   + . .      Faith    .   n - +4 kite shield of Zegh {Drain +Blink Will+}
rNeg    + . .      Spirit   .   k - +1 plate armour "Egopein" {+Inv Regen+ Dex+4}
rPois   ∞          Reflect  .   r - +0 helmet
rElec   +          Harm     .   m - scarf {repulsion}
rCorr   +          Rampage  .   (no gloves)
Will    ++...                   C - +1 pair of boots
Stlth   ..........              x - amulet of Nolawor {+Inv rElec rC+ Regen+}
HPRegen 1.84/turn               y - ring of resist corrosion
MPRegen 0.18/turn               D - +4 ring of protection

@: flying, slightly contaminated, repel missiles
A: sickness immunity, AC +12, big wings, negative energy resistance 1,
electricity resistance, torment resistance 1, petrification resistance,
screaming 1
a: Renounce Religion, Evoke Blink, Evoke Invisibility, Heroism, Finesse, Duel


You were on level 3 of the Spider Nest.
You worshipped Okawaru.
Okawaru was exalted by your worship.
You visited 5 branches of the dungeon, and saw 26 of its levels.

You collected 2603 gold pieces.
You spent 2380 gold pieces at shops.

Inventory:

Hand Weapons
 H - a +2 morningstar of protection (weapon)
 L - a +2 broad axe of flaming
Missiles
 b - 7 javelins (quivered)
 I - 15 poisoned darts
 J - 12 boomerangs
Armour
 k - the +1 plate armour "Egopein" (worn) {+Inv Regen+ Dex+4}
   (You bought it in a shop on level 2 of the Orcish Mines)

   Dex:       It affects your dexterity (+4).
   +Inv:      It lets you turn invisible.
   Regen:     It increases your rate of health regeneration.
 m - a scarf of repulsion (worn)
 n - the +4 kite shield of Zegh (worn) {Drain +Blink Will+}
   (You bought it in a shop on level 1 of the Orcish Mines)

   +Blink:    It lets you blink.
   Drain:     It drains your maximum health when unequipped.
   Will:      It increases your willpower.
 r - a +0 helmet (worn)
 C - a +1 pair of boots (worn)
 W - a +3 scale mail of fire resistance
Jewellery
 x - the amulet of Nolawor (around neck) {+Inv rElec rC+ Regen+}
   (You bought it in a shop on level 2 of the Orcish Mines)

   [amulet of regeneration]

   rC:        It protects you from cold.
   rElec:     It insulates you from electricity.
   +Inv:      It lets you turn invisible.
   Regen:     It increases your rate of health regeneration.
 y - a ring of resist corrosion (left hand)
 D - a +4 ring of protection (right hand)
 S - an amulet of magic regeneration
 Y - a ring of fire
 Z - a ring of ice
Wands
 a - a wand of flame (10)
 g - a wand of digging (5)
 h - a wand of polymorph (5)
 l - a wand of quicksilver (1)
Scrolls
 c - a scroll of fog
 d - 5 scrolls of magic mapping
 e - 3 scrolls of immolation
 f - a scroll of blinking {unknown}
 j - 3 scrolls of vulnerability
 t - 4 scrolls of teleportation
 u - 2 scrolls of enchant weapon
 w - a scroll of enchant armour {unknown}
 A - a scroll of poison
 B - 5 scrolls of torment
 E - 6 scrolls of amnesia
 F - a scroll of identify
 G - a scroll of brand weapon {unknown}
 N - 4 scrolls of butterflies
Potions
 i - 5 potions of curing
 o - 3 potions of berserk rage
 p - 2 potions of lignification
 q - a potion of resistance {unknown}
 s - 5 potions of mutation
 v - a potion of cancellation {unknown}
 z - 2 potions of brilliance
 O - 6 potions of attraction
 R - 3 potions of flight
 U - a potion of might
Miscellaneous
 K - a lightning rod (4/4)


   Skills:
 + Level 4.6 Fighting
 + Level 8.8(12.2) Axes
 - Level 14.6(15.6) Maces & Flails
 * Level 10.9 Throwing
 - Level 10.0 Armour
 - Level 5.2 Dodging
 - Level 5.6 Stealth
 - Level 11.2 Shields
 - Level 5.1 Spellcasting
 - Level 10.0 Invocations
 - Level 7.0 Evocations


You had 25 spell levels left.
You didn't know any spells.
Your spell library contained the following spells:

 Spells                   Type           Power      Damage    Failure   Level
 Beastly Appendage        Tmut           6%         N/A       99%         1
 Shock                    Conj/Air       12%        1d3       99%         1
 Blink                    Tloc           6%         N/A       100%        2
 Ensorcelled Hibernation  Hex/Ice        6%         N/A       100%        2
 Passwall                 Tmut/Erth      2%         N/A       100%        2
 Conjure Flame            Conj/Fire      3%         6-21      100%        3
 Ignite Poison            Fire/Tmut/Pois 3%         N/A       100%        3
 Spider Form              Tmut/Pois      3%         N/A       100%        3
 Swiftness                Air            3%         N/A       100%        3
 Vampiric Draining        Necr           3%         2d6       100%        3
 Airstrike                Air            1%         2d(1-17)  100%        4
 Anguish                  Hex/Necr       1%         N/A       100%        4
 Corpse Rot               Necr/Pois/Air  3%         N/A       100%        4
 Dispel Undead            Necr           3%         3d7       100%        4
 Fulminant Prism          Conj/Hex       1%         3d6       100%        4
 Iskenderun's Mystic Bla  Conj/Tloc      3%         2d3       100%        4
 Passage of Golubria      Tloc           3%         N/A       100%        4
 Sticky Flame             Conj/Fire      3%         2d3       100%        4
 Freezing Cloud           Conj/Ice/Air   1%         6-21      100%        5
 Lee's Rapid Deconstruct  Erth           1%         3d5*      100%        5
 Lightning Bolt           Conj/Air       1%         1d12      100%        5
 Manifold Assault         Tloc           3%         N/A       100%        5
 Silence                  Hex/Air        1%         N/A       100%        5
 Conjure Ball Lightning   Conj/Air       1%         3x3d6     100%        6
 Storm Form               Tmut/Air       1%         N/A       100%        7
 Discord                  Hex            1%         N/A       100%        8
 Disjunction              Tloc           1%         N/A       100%        8
 Lehudib's Crystal Spear  Conj/Erth      1%         10d2      100%        8
 Death's Door             Necr           1%         N/A       100%        9
 Polar Vortex             Ice            1%         N/A       100%        9
 Summon Lightning Spire   Summ/Air       Unusable   N/A       N/A         4
 Death Channel            Necr           Unusable   N/A       N/A         6
 Simulacrum               Ice/Necr       Unusable   N/A       N/A         6

Dungeon Overview and Level Annotations

Branches:
Dungeon (15/15)            Temple (1/1) D:6            Lair (5/5) D:9
 Spider (3/4) Lair:2        Slime (0/5) Lair:4          Orc (2/2) D:10
    Elf (0/3) Orc:2        Vaults (0/5) D:13
  Swamp: Lair:2-3    Shoals: Lair:2-3    Depths: D:15

Altars:
Ashenzari
Cheibriados
Dithmenos
Elyvilon
Fedhas
Gozag
Hepliaklqana
Kikubaaqudgha
Makhleb
Nemelex Xobeh
Okawaru
Qazlal
Ru
Sif Muna
Trog
Uskayaw
Vehumet
Wu Jian
Xom
Yredelemnul
Zin
The Shining One

Shops:
D:1 ?   D:13 (   Orc:1 [   Orc:2 *[=(

Annotations:
D:2 1 runed translucent door, Crazy Yiuf
D:6 exclusion: necrophage
D:12 3 runed translucent doors, LetschGu's ghost, journeyman TrBe
Lair:4 2 transporters, Bananafolds's ghost, journeyman MfSk
Spider:3 Arachne


Innate Abilities, Weirdness & Mutations

You are immune to sickness and miasma.
Your stone body is resilient. (AC +12)
You are immune to poison.
Your large and strong wings let you fly.
You resist negative energy. (rN+)
You are resistant to electric shocks. (rElec)
You are resistant to unholy torment.
You are immune to petrification.
You occasionally shout uncontrollably at your foes.


Message History

Unknown command.
Throw: 3 javelins (silver)
Press: ? - help, Q - select action, (/) - cycle Shift-Dir - straight line, f/p - radroach
Aim: a radroach (lightly wounded, 82% to hit, chaotic)
You throw a silver javelin.
The silver javelin pierces through the radroach!
The silver sears the radroach!
The radroach is moderately wounded.
The radroach bites you! The radroach barely misses you.
Unknown command.
Throw: 2 javelins (silver)
Press: ? - help, Q - select action, (/) - cycle Shift-Dir - straight line, f/p - radroach
Aim: a radroach (moderately wounded, 82% to hit, chaotic)
You throw a silver javelin.
The silver javelin barely misses the radroach.
The radroach erupts in a fountain of uncontrolled magic!
You are blasted with magical radiation!!!
You are very lightly contaminated with residual magic.
Throw: javelin (silver)
Press: ? - help, Q - select action, (/) - cycle Shift-Dir - straight line, f/p - radroach
Aim: a radroach (moderately wounded, 82% to hit, chaotic)
You throw a silver javelin.
The silver javelin pierces through the radroach but does no damage.
The silver sears the radroach!
The radroach is moderately wounded.
The radroach bites you but does no damage.
You block the radroach's attack.
The radroach erupts in a fountain of uncontrolled magic!
You are blasted with magical radiation!
* * * LOW HITPOINT WARNING * * *
You are lightly contaminated with residual magic.
Throw: 8 javelins
Press: ? - help, Q - select action, (/) - cycle Shift-Dir - straight line, f/p - radroach
Aim: a radroach (moderately wounded, 82% to hit)
You throw a javelin.
The javelin pierces through the radroach!
The radroach is heavily wounded.
The radroach erupts in a fountain of uncontrolled magic!
You are blasted with magical radiation!!!
You die... ##...###### #s.# ##..## #..## ##..## #sss#

##..# #^..## ##.# #<.s#
#########.## #....#
###.....[..>.##
#.....^.
###....##.....†.#
#..>.).#
##..^###########@##
#....(## ..†.##
#....##B## #.s$..^#
.<### #...B^..(#
#..w..## ### .........#
#^..... .?>.!...[.#
.^.# ...........# ##Hs#
#...../.....####.s.###.
#.........#.......<..s.
##.[^.....##..^.###...#


You could see a radroach.

Vanquished Creatures
  Frances (D:13)
  An orc warlord (Orc:2)
  A ghost moth (Spider:2)
  2 emperor scorpions (Spider:2)
  2 entropy weavers (Spider:2)
  2 spark wasps
  A yaktaur captain (D:13)
  A great orb of eyes (D:12)
  3 boulder beetles
  A catoblepas (D:13)
  2 centaur warriors
  2 radroaches (Spider:1)
  2 hydras
  7 two-headed ogres
  4 orc high priests
  Urug (Lair:2)
  3 skeletal warriors (D:14)
  5 pharaoh ants
  3 sun moths (Spider:2)
  5 orb spiders
  7 steelbarb worms
  A lindwurm (Lair:4)
  4 orc sorcerers
  3 orc knights
  10 wolf spiders
  A deep elf pyromancer (D:12)
  3 cyclopes
  A moth of wrath (Spider:2)
  8 ugly things
  7 elephants
  Maurice (D:9)
  6 black mambas
  A torpor snail (Spider:2)
  A cane toad (shapeshifter) (D:14)
  2 gargoyles
  6 cane toads
  6 demonic crawlers
  An efreet (D:14)
  2 kobold demonologists (D:12)
  3 yaktaurs
  9 komodo dragons
  7 trolls
  3 meliai (Spider:2)
  2 hornets (shapeshifter) (D:14)
  6 hornets
  6 slime creatures (D:13)
  14 tarantellas
  13 blink frogs
  20 jumping spiders
  4 wraiths
  4 shadows
  33 yaks
  18 culicivoras
  A vampire (D:8)
  7 wyverns
  3 basilisks
  38 redbacks
  A swamp worm (Lair:3)
  An acid dragon (D:9)
  7 water moccasins
  25 orc warriors
  A black bear (shapeshifter) (D:13)
  3 black bears
  18 wolves
  4 ogres
  5 centaurs
  3 kobold brigands
  A necrophage (D:8)
  14 bullfrogs
  5 scorpions
  5 wights (D:7)
  9 killer bees
  5 howler monkeys
  An electric eel (Lair:3)
  2 hounds (D:6)
  17 orc priests
  16 jellies
  2 gnoll boudas
  3 iron imps (D:5)
  2 iguanas
  Terence (D:2)
  32 orc wizards
  Robin (D:2)
  17 gnolls
  9 adders
  A shadow imp (D:7)
  A white imp (D:6)
  2 dart slugs
  57 orcs
  6 ball pythons
  8 bats
  7 endoplasms
  5 giant cockroaches
  18 goblins
  12 hobgoblins
  6 quokkas
  4 frilled lizards
  17 kobolds
  10 rats
  A butterfly (D:14)
676 creatures vanquished.

Vanquished Creatures (others)
  26 fungi
  86 plants
112 creatures vanquished.

Grand Total: 788 creatures vanquished

Notes
Turn   | Place    | Note
-------+----------+-------------------------------------------
     0 | D:5      | DocSulfur the Gargoyle Delver began the quest for the Orb.
     0 | D:5      | Reached XP level 1. HP: 14/14 MP: 1/1
    26 | D:5      | Reached XP level 2. HP: 11/19 MP: 2/2
   228 | D:5      | Found a radiant altar of Vehumet.
   439 | D:5      | Reached XP level 3. HP: 18/24 MP: 3/3
   497 | D:5      | Noticed a centaur
   531 | D:5      | Noticed a black bear
   573 | D:4      | Reached skill level 3 in Maces & Flails
   608 | D:4      | Reached XP level 4. HP: 15/29 MP: 4/4
  1033 | D:2      | Reached skill level 1 in Evocations
  1544 | D:1      | Found Pyom's Magic Scroll Emporium.
  1572 | D:1      | Bought a scroll of identify for 22 gold pieces
  1572 | D:1      | Bought a scroll of teleportation for 33 gold pieces
  1781 | D:1      | Bought a scroll of noise for 11 gold pieces
  1784 | D:1      | Bought a scroll of teleportation for 33 gold pieces
  1823 | D:2      | Noticed Robin
  1947 | D:2      | Killed Robin
  1948 | D:2      | Reached XP level 5. HP: 29/33 MP: 5/5
  2055 | D:2      | Noticed Terence
  2068 | D:2      | Killed Terence
  2069 | D:2      | Reached skill level 1 in Shields
  2158 | D:2      | Found a faded altar of an unknown god.
  2461 | D:2      | Found a runed translucent door.
  2462 | D:2      | Noticed Crazy Yiuf
  3588 | D:3      | Found a hazy altar of Hepliaklqana.
  3790 | D:3      | Reached XP level 6. HP: 32/38 MP: 6/6
  4952 | D:5      | Killed a black bear
  5150 | D:5      | Reached XP level 7. HP: 35/43 MP: 7/7
  6043 | D:5      | Reached skill level 5 in Shields
  6622 | D:5      | Found a burning altar of Makhleb.
  7013 | D:6      | Reached XP level 8. HP: 33/48 MP: 8/8
  7275 | D:6      | Found a glowing golden altar of the Shining One.
  8062 | D:6      | Reached skill level 1 in Armour
  8164 | D:6      | Reached skill level 1 in Axes
  8164 | D:6      | Reached skill level 1 in Throwing
  8246 | D:6      | Found a staircase to the Ecumenical Temple.
  8444 | Temple   | Entered the Ecumenical Temple
  8727 | Temple   | Became a worshipper of Warmaster Okawaru
  8883 | D:7      | Got the Guide on Bloody Metamorphosis
  9055 | D:7      | Reached XP level 9. HP: 50/52 MP: 9/9
  9062 | D:7      | Noticed a troll
  9565 | D:7      | Reached * piety under Okawaru
  9643 | D:7      | Killed a troll
  9810 | D:8      | Reached skill level 5 in Armour
 10182 | D:8      | Reached ** piety under Okawaru
 10854 | D:8      | Reached XP level 10. HP: 57/57 MP: 10/10
 11089 | D:8      | Reached *** piety under Okawaru
 11724 | D:8      | Reached skill level 1 in Invocations
 12088 | D:8      | Reached skill level 5 in Axes
 12167 | D:9      | Noticed Maurice
 12183 | D:9      | Killed Maurice
 12234 | D:10     | Entered Level 10 of the Dungeon
 12363 | D:9      | Received a gift from Okawaru
 12850 | D:9      | Found a staircase to the Lair.
 12861 | D:9      | Found an ornate altar of the Wu Jian Council.
 12903 | D:9      | Found a white marble altar of Elyvilon.
 12970 | D:9      | Reached **** piety under Okawaru
 13714 | D:9      | Reached skill level 5 in Invocations
 13822 | D:8      | Reached XP level 11. HP: 43/61 MP: 12/15
 13908 | D:9      | Reached skill level 1 in Spellcasting
 14289 | D:9      | Received a gift from Okawaru
 14804 | D:10     | Found a staircase to the Orcish Mines.
 15399 | D:10     | Noticed a two-headed ogre
 15818 | D:10     | Killed a two-headed ogre
 16173 | D:11     | Noticed a cyclops
 16190 | D:11     | Killed a cyclops
 16747 | D:11     | Reached skill level 5 in Spellcasting
 16931 | D:11     | Noticed a two-headed ogre
 16937 | D:11     | Killed a two-headed ogre
 17152 | D:11     | Noticed a purple ugly thing
 17162 | D:11     | Killed a purple ugly thing
 17384 | D:12     | Noticed a two-headed ogre
 17711 | D:9      | Reached skill level 4 in Maces & Flails
 17988 | Lair:1   | Entered Level 1 of the Lair of Beasts
 17997 | Lair:1   | Reached XP level 12. HP: 66/66 MP: 19/19
 18665 | Lair:1   | You fall into a shaft and drop 1 floor!
 19097 | Lair:1   | Reached skill level 10 in Shields
 19113 | Lair:1   | Reached skill level 5 in Maces & Flails
 19310 | Lair:1   | Identified a scroll of acquirement
 19311 | Lair:1   | Acquired a +2 morningstar of protection
 20043 | Lair:2   | Reached ***** piety under Okawaru
 20224 | Lair:2   | Reached skill level 6 in Maces & Flails
 20595 | Lair:2   | Noticed Urug
 20618 | Lair:2   | Killed Urug
 20928 | Lair:2   | Found a hole to the Spider Nest.
 21322 | Lair:2   | Reached skill level 7 in Maces & Flails
 22271 | Lair:3   | Received a gift from Okawaru
 22276 | Lair:3   | Reached XP level 13. HP: 42/70 MP: 20/20
 22954 | Lair:3   | Reached skill level 10 in Invocations
 22965 | Lair:3   | Reached skill level 8 in Maces & Flails
 24117 | Lair:4   | Noticed Bananafolds's ghost (journeyman MfSk)
 24132 | Lair:4   | Found a transporter.
 24136 | Lair:4   | Found a transporter.
 24242 | Lair:4   | Found a staircase to the Slime Pits.
 25406 | Lair:5   | Entered Level 5 of the Lair of Beasts
 25630 | D:12     | Reached skill level 9 in Maces & Flails
 25736 | D:12     | Noticed LetschGu's ghost (journeyman TrBe)
 25737 | D:12     | Found a runed translucent gate.
 25737 | D:12     | Found a runed translucent gate.
 25737 | D:12     | Found a runed translucent gate.
 25806 | D:12     | Noticed a great orb of eyes
 25955 | D:13     | Noticed Frances
 26003 | D:13     | Reached skill level 10 in Armour
 26423 | D:13     | Found Xahubb's Weapon Emporium.
 26467 | D:13     | Found a gate to the Vaults.
 26958 | D:12     | Reached skill level 10 in Maces & Flails
 26958 | D:12     | Reached skill level 5 in Dodging
 27160 | D:12     | Killed a great orb of eyes
 27160 | D:12     | Received a gift from Okawaru
 27395 | D:13     | Gained mutation: Your large and strong wings let you fly.
                  | [Gargoyle growth]
 27395 | D:13     | Reached XP level 14. HP: 39/76 MP: 21/21
 28548 | D:13     | Received a gift from Okawaru
 28549 | D:13     | Reached skill level 5 in Throwing
 28935 | D:13     | Killed Frances
 28936 | D:13     | Reached skill level 11 in Maces & Flails
 29232 | D:14     | Identified the +0 ring mail "Pumish" {rC+}
 29721 | D:14     | Found a white marble altar of Elyvilon.
 30952 | D:15     | Entered Level 15 of the Dungeon
 31208 | Orc:1    | Entered Level 1 of the Orcish Mines
 31311 | Orc:1    | Found Mysetwuo's Antique Armour Emporium.
 31588 | Orc:1    | Bought a slimy kite shield for 209 gold pieces
 31588 | Orc:1    | Identified the +4 kite shield of Zegh {Drain +Blink Will+}
                  | (You bought it in a shop on level 1 of the Orcish Mines)
 31774 | Orc:1    | Received a gift from Okawaru
 32181 | Orc:2    | Entered Level 2 of the Orcish Mines
 32577 | Orc:2    | Noticed an orc warlord
 32897 | Orc:1    | Received a gift from Okawaru
 32919 | Orc:1    | Reached skill level 12 in Maces & Flails
 33703 | Orc:2    | Received a gift from Okawaru
 34099 | Orc:2    | Killed an orc warlord
 34106 | Orc:2    | Received a gift from Okawaru
 34311 | Orc:2    | Found a staircase to the Elven Halls.
 34568 | Orc:2    | Found Ahastrolu's Antique Armour Shop.
 34569 | Orc:2    | Found Otidel's Antique Weapon Boutique.
 34571 | Orc:2    | Found Jourexterph's General Store.
 34571 | Orc:2    | Found Poeskuka's Jewellery Shop.
 34601 | Orc:2    | Bought a blackened plate armour for 756 gold pieces
 34601 | Orc:2    | Identified the +1 plate armour "Egopein" {+Inv Regen+
                  | Dex+4} (You bought it in a shop on level 2 of the Orcish
                  | Mines)
 34621 | Orc:2    | Bought the amulet of Nolawor {+Inv rElec rC+ Regen+} for
                  | 812 gold pieces
 34628 | Orc:2    | Bought a +4 ring of protection for 504 gold pieces
 35141 | Spider:1 | Entered Level 1 of the Spider Nest
 35195 | Lair:2   | Reached skill level 5 in Evocations
 35331 | Spider:1 | Reached XP level 15. HP: 57/80 MP: 19/22
 35444 | Spider:1 | Received a gift from Okawaru
 35592 | Spider:1 | Reached skill level 13 in Maces & Flails
 35786 | Spider:1 | Received a gift from Okawaru
 36784 | Spider:1 | Gained mutation: You occasionally shout uncontrollably at
                  | your foes. [mutagenic glow]
 36867 | Spider:2 | Received a gift from Okawaru
 36894 | Spider:2 | Killed a ghost moth
 37008 | Spider:2 | Noticed an emperor scorpion
 37033 | Spider:2 | Reached skill level 14 in Maces & Flails
 37066 | Spider:2 | Killed an emperor scorpion
 37066 | Spider:2 | Received a gift from Okawaru
 37111 | Spider:2 | Reached skill level 10 in Throwing
 37318 | Spider:2 | Reached ****** piety under Okawaru
 37453 | Spider:2 | Received a gift from Okawaru
 37588 | Spider:3 | Noticed Arachne
 37636 | Spider:2 | Reached XP level 16. HP: 77/84 MP: 23/23
 38027 | Spider:2 | Received a gift from Okawaru
 38409 | Spider:3 | Annihilated by a radroach

Illustrated notes

Levels and vault maps discovered:
D:1:      enne_arrival_octagon_isle, layout_basic, serial_shops, shop
D:2:      layout_basic, basic_ecumenical_altar, serial_forest,
          infiniplex_forest_end_2, infiniplex_forest_clump_small,
          infiniplex_forest_lined_3_way, infiniplex_forest_lined_corner,
          infiniplex_forest_clump_large, infiniplex_forest_lined_3,
          minivault_25, uniq_crazy_yiuf_cottage, uniq_robin, uniq_terence
D:3:      layout_basic, mainiacjoe_overflow_tiny_flanked,
          minmay_increasing_density
D:4:      layout_cave_pods
D:5:      layout_rooms, mainiacjoe_overflow_brackets, demons_altar
D:6:      layout_cave_pools, tso_metal_star,
          minmay_temple_entry_statues_pillars, serial_column_ruins,
          column_ruins_hut, column_ruins_open_small, column_ruins_open_medium,
          column_ruins_columns_dead_end, column_ruins_open_small,
          column_ruins_grid_3, column_ruins_open_tiny, minmay_ogre_servants
D:7:      layout_gridville
D:8:      layout_loops_corners
D:9:      layout_cave_pods, gammafunk_temple_overflow_pools,
          minmay_lair_entry_grove, hex_large, serial_bayou_pond_c, uniq_maurice
D:10:     layout_loops_ring, minmay_orc_entry_temple_small,
          hangedman_abyss_or_decor_stabs
D:11:     layout_basic
D:12:     minmay_bloctagon_deflated, layout_loops_ring,
          gammafunk_ghost_hydra_chop
D:13:     layout_loops_ring, david_vaults_2, serial_shops, nicolae_diamond_shop,
          uniq_frances
D:14:     layout_irregular_city, nicolae_elyvilon_peaceful_grove
D:15:     grunt_enter_depths_magical_seal, layout_loops_cross,
          nrook_mini_backslash, uniq_louise, uniq_agnes
Temple:   minmay_temple_bridge_d
Lair:1:   layout_cellular_growth, lemuel_fruit_tree, grunt_megastairs_5,
          serial_bayou_shore_a
Lair:2:   layout_chaotic_city, spider_nest_entry_funnel_web,
          minmay_stone_trees_small, uniq_urug
Lair:3:   layout_gridlike, palyth_hydra_swamp_entry
Lair:4:   layout_gridlike, minmay_slime_entry_jelly_boxes, gammafunk_ghost_hive
Lair:5:   due_jungle_book, layout_loops_ring, basic_altar
Spider:1: layout_spider_delve, drop_trap, hangedman_spider_trapstep
Spider:2: layout_spider_delve, guppyfry_hornet_nest
Spider:3: layout_cave_pods, nicolae_spider_checkerboard, uniq_arachne
Orc:1:    layout_caves, serial_shops, nicolae_shop_advertising_works
          [nicolae_subvault_shop_adworks]
Orc:2:    st_orc_congregation, layout_diamond_mine

Skill      XL: |  1  2  3  4  5  6  7  8  9 10 11 12 13 14 15 16 |
---------------+-------------------------------------------------+-----
Fighting       | 4 |  4.6
Maces & Flails | 3 4 7 10 12 14 | 14.6
Evocations     | 1 3 4 5 6 7 |  7.0
Shields        | 1 3 7 9 10 11 | 11.2
Armour         | 2 6 8 9 10 | 10.0
Axes           | 1 3 6 8 |  8.8
Throwing       | 1 3 4 8 10 | 10.9
Invocations    | 5 6 9 10 | 10.0
Spellcasting   | 5 |  5.1
Dodging        | 3 5 |  5.2
Stealth        | |  5.6

Action                   |  1- 3 |  4- 6 |  7- 9 | 10-12 | 13-15 | 16-18 || total
-------------------------+-------+-------+-------+-------+-------+-------++-------
Melee: Mace              |    40 |   322 |    96 |       |       |       ||   458
       Punch             |       |     3 |       |       |       |       ||     3
       Flail             |       |       |   153 |   209 |       |       ||   362
       War axe           |       |       |   196 |   645 |       |       ||   841
       Dagger            |       |       |       |    22 |       |       ||    22
       Morningstar       |       |       |       |   294 |  2194 |   245 ||  2733
       Broad axe         |       |       |       |       |       |     9 ||     9
Throw: Boomerang         |       |       |    22 |    42 |     3 |       ||    67
       Stone             |       |       |    10 |       |       |       ||    10
       Dart              |       |       |    21 |    69 |    66 |       ||   156
       Javelin           |       |       |       |       |    86 |     8 ||    94
Invok: Heroism           |       |       |       |    22 |    24 |       ||    46
       Finesse           |       |       |       |     4 |    11 |       ||    15
 Abil: Evoke Blink       |       |       |       |       |     1 |       ||     1
Evoke: Wand              |       |     5 |    12 |    11 |    14 |       ||    42
  Use: Scroll            |       |     4 |     2 |    17 |    13 |       ||    36
       Potion            |       |       |     2 |     7 |    10 |       ||    19
 Stab: Sleeping          |     1 |    11 |     2 |       |     1 |       ||    15
       Paralysed         |       |    19 |    27 |    19 |     2 |       ||    67
       Distracted        |       |       |     1 |       |       |       ||     1
Armor: Leather armour    |    25 |    46 |   204 |    97 |       |       ||   372
       Chain mail        |       |   197 |     6 |   158 |       |       ||   361
       Ring mail         |       |       |    30 |       |       |       ||    30
       Plate armour      |       |       |       |   358 |   710 |   243 ||  1311
       Scale mail        |       |       |       |    65 |   577 |       ||   642
Dodge: Dodged            |    37 |   130 |   180 |   338 |   645 |    72 ||  1402
       Repelled          |       |       |       |       |     9 |       ||     9
Block: Kite shield       |       |    17 |   240 |   808 |  1744 |   263 ||  3072
